 Dungeon Crawl Stone Soup version 0.17-a0-1646-geb1493d (webtiles) character file.

69204 SpaceOctopus the Brawler (level 15, -14/132 HPs)
             Began as a Ghoul Monk on July 23, 2015.
             Demolished by a stone giant (31 damage)
             ... on level 4 of the Orcish Mines on Aug 11, 2015.
             The game lasted 01:48:57 (33659 turns).

SpaceOctopus the Brawler (Ghoul Monk)              Turns: 33659, Time: 01:48:57

Health: -14/132    AC: 20    Str: 17    XL:     15   Next: 29%
Magic:  14/14      EV:  9    Int:  9    God:
Gold:   1390       SH:  0    Dex: 12    Spells: 0 memorised, 14 levels left

rFire  + . .     SeeInvis .       - Unarmed
rCold  + . .     Clarity  .     m - +1 plate armour
rNeg   + + +     SustAt   .     (no shield)
rPois  ∞         Gourm    .     w - +0 helmet
rElec  .         Spirit   .     E - +0 cloak
rCorr  .         Warding  .     (no gloves)
rMut   .         Stasis   .     B - +0 pair of boots
MR     ++...                    (no amulet)
Stlth  ..........               p - ring of protection from magic
                                t - ring of protection from fire

@: rotting, very resistant to hostile enchantments, extremely unstealthy
A: rotting body, claws 1, carnivore 3, cold resistance 1, negative energy
resistance 3, slow healing 1, torment resistance, unbreathing
a: no special abilities


You were on level 4 of the Orcish Mines.
You were not hungry.

You visited 4 branches of the dungeon, and saw 21 of its levels.

You collected 1833 gold pieces.
You spent 443 gold pieces at shops.

Inventory:

Armour
 m - a +1 plate armour (worn)
 w - a +0 helmet (worn)
 B - a +0 pair of boots (worn)
 E - a +0 cloak (worn)
Jewellery
 p - a ring of protection from magic (right claw)
 t - a ring of protection from fire (left claw)
Magical devices
 c - a wand of digging (3)
 q - a wand of magic darts (25)
 z - a wand of digging (8)
 A - a wand of draining (0)
Scrolls
 a - 7 scrolls of remove curse
 e - 7 scrolls of recharging
 k - a scroll of immolation
 y - 3 scrolls of enchant armour
Potions
 d - 5 potions of agility
 f - 2 potions of invisibility
 g - 2 potions of haste
 h - a potion of cancellation
 o - 2 potions of flight
 D - a potion of might
Comestibles
 b - 8 meat rations
 i - 3 slices of pizza
 j - 5 chunks of flesh
 s - a beef jerky


   Skills:
 + Level 12.0 Fighting
 * Level 11.2 Armour
 + Level 10.1 Dodging
 - Level 2.1 Stealth
 * Level 19.2 Unarmed Combat


You had 14 spell levels left.
You didn't know any spells.

Dungeon Overview and Level Annotations

Branches:
Dungeon (15/15)            Temple (1/1) D:4            Lair (1/8) D:9
    Orc (4/4) D:10            Elf (0/3) Orc:3        Vaults (0/5) D:14
 Depths (0/5) D:15

Altars:
Ashenzari
Cheibriados
Dithmenos
Fedhas
Gozag
Kikubaaqudgha
Makhleb
Qazlal
Ru
Sif Muna
Trog
Vehumet
Xom
Yredelemnul
Zin
The Shining One
Beogh

Shops:
D:5 (   D:9 **   D:11 =   D:12 }   Orc:4 [:}(

Annotations:
D:7 Blork the orc
D:9 Nergalle


Innate Abilities, Weirdness & Mutations

Your body is rotting away.
You thrive on raw meat.
You are immune to poison.
You have sharp fingernails.
You are carnivorous and can eat meat at any time.
Your flesh is cold resistant.
You are immune to negative energy.
You heal slowly when monsters are visible.
You are immune to unholy pain and torment.
You can survive without breathing.


Message History

You feel more resilient.
This raw flesh tastes great!
You continue eating. x2
The orc hits you but does no damage.
Eat one of 7 chunks of flesh? (ye/n/q/i?) This raw flesh tastes great!
You continue eating. x2
The stone giant hits you but does no damage.
You scratch the stone giant but do no damage.
The stone giant is heavily wounded.
The stone giant hits you!!
* * * LOW HITPOINT WARNING * * *
You scratch the stone giant but do no damage.
The stone giant is heavily wounded.
The stone giant hits you!!
* * * LOW HITPOINT WARNING * * *
Eat one of 6 chunks of flesh? (ye/n/q/i?) This raw flesh tastes great!
The stone giant closely misses you.
You continue eating.
The stone giant hits you!!
You die...

..............##
..........#....# ..
..............##.#
.................##
..................# ##
.................# #.##
#...........#.#.###...#
..........)......#....#
..............#@#....##
.............(##C.....#
...........oC)(.....##
........#(#)##.#......
.......[(#####.....#.
........)o.#.##...##
.............#.....
##..................
...........#..# ##..


You could see a stone giant.

Vanquished Creatures
  Kirke (D:12)
  An orc warlord (Orc:3)
  Azrael (D:15)
  A vault guard (D:14)
  Harold (Orc:1)
  3 hydras
  2 catoblepae
  7 centaur warriors
  3 orc high priests
  A tengu warrior (D:14)
  2 skeletal warriors (D:15)
  5 unseen horrors
  The ghost of kasmir the Carver, an experienced HaAs (D:7)
  Pikel (D:9)
  A phantasmal warrior (D:15)
  11 hill giants
  4 orc knights
  3 wizards (D:14)
  A griffon (D:15)
  4 orc sorcerers
  A necromancer (D:15)
  A wolf spider (D:14)
  3 ugly things
  A stone giant zombie (D:15)
  2 cyclopes
  A manticore (D:15)
  A sphinx skeleton (D:15)
  4 centaur skeletons (D:15)
  2 komodo dragons
  A yaktaur (D:14)
  2 gargoyles
  3 kobold demonologists
  A tengu conjurer (D:15)
  A harpy zombie (D:14)
  8 trolls
  A merfolk (D:9)
  2 efreet (D:15)
  3 two-headed ogres
  3 slime creatures
  4 wyverns
  A shadow (D:12)
  A fire dragon zombie (D:15)
  2 deep elf magi
  29 yaks
  An ice dragon skeleton (D:15)
  A centaur simulacrum (D:13)
  A wraith (D:12)
  A trapdoor spider (D:10)
  21 humans (D:14)
  A vampire (D:14)
  3 hippogriffs
  3 hogs (D:12)
  3 fire elementals (D:15)
  4 vampire mosquitoes
  A soldier ant (D:11)
  2 steam dragons
  A mottled dragon (D:13)
  3 hungry ghosts
  2 wargs
  4 hell hounds
  2 water moccasins
  Duvessa (D:7)
  A phantom (D:13)
  38 orc warriors
  5 ice beasts
  2 black bears
  A wasp (D:11)
  4 sky beasts
  12 ogres
  19 centaurs
  7 giant frogs
  A crocodile (D:10)
  A gnoll sergeant (D:12)
  2 big kobolds
  Dowan (D:7)
  3 wyvern skeletons
  34 killer bees
  6 scorpions
  3 giant frog zombies
  7 crimson imps
  A wasp zombie (D:9)
  12 wights
  7 centaur zombies
  A gnoll shaman (D:4)
  3 jellies
  23 orc priests
  A quasit (D:10)
  Ijyb (D:2)
  A giant frog skeleton (D:5)
  2 iguanas
  24 orc wizards
  Natasha (twice) (D:3)
  8 hounds
  9 worker ants
  A killer bee zombie (D:9)
  7 sheep
  3 hound zombies
  2 hound skeletons
  11 adders
  10 gnolls
  6 river rats
  A shadow imp (D:5)
  12 white imps (D:11)
  3 oozes
  A worm (D:3)
  2 adder skeletons
  8 giant geckos
  198 orcs
  12 bats
  A bat skeleton (D:7)
  A bat zombie (D:5)
  8 giant cockroaches
  17 hobgoblins
  18 kobolds
  5 quokkas
  4 giant newts
  11 goblins
  A jackal skeleton (D:6)
  14 rats
786 creatures vanquished.

Vanquished Creatures (others)
  A human (D:13)
  2 slaves (D:9)
  2 centaurs (D:9)
  An orc priest (Orc:4)
  An adder (D:9)
  6 fungi (D:9)
  2 plants (D:15)
15 creatures vanquished.

Grand Total: 801 creatures vanquished

Notes
Turn   | Place    | Note
--------------------------------------------------------------
     0 | D:1      | SpaceOctopus the Ghoul Monk began the quest for the Orb.
     0 | D:1      | Reached XP level 1. HP: 19/19 MP: 0/0
   175 | D:1      | Reached XP level 2. HP: 17/26 MP: 1/1
   344 | D:1      | Reached skill level 5 in Unarmed Combat
   998 | D:2      | Reached XP level 3. HP: 30/30 MP: 2/2
  1041 | D:2      | Found a burning altar of Makhleb.
  1060 | D:2      | Noticed Ijyb
  1081 | D:2      | Killed Ijyb
  1212 | D:2      | Reached skill level 6 in Unarmed Combat
  1212 | D:2      | Reached XP level 4. HP: 38/38 MP: 3/3
  1996 | D:3      | Reached XP level 5. HP: 31/42 MP: 4/4
  2251 | D:3      | Reached skill level 7 in Unarmed Combat
  2469 | D:3      | Noticed Natasha
  2476 | D:3      | Killed Natasha
  2675 | D:3      | Noticed Natasha
  2689 | D:3      | Killed Natasha
  2773 | D:4      | Noticed an ogre
  2801 | D:4      | Killed an ogre
  2801 | D:4      | Reached skill level 8 in Unarmed Combat
  2801 | D:4      | Reached XP level 6. HP: 46/51 MP: 5/5
  2885 | D:4      | Found a snail-covered altar of Cheibriados.
  2907 | D:4      | Found a staircase to the Ecumenical Temple.
  2917 | D:4      | Noticed an ogre
  2921 | Temple   | Entered the Ecumenical Temple
  3010 | D:4      | Killed an ogre
  3124 | D:4      | Reached XP level 7. HP: 20/55 MP: 6/6
  3245 | D:4      | Reached skill level 9 in Unarmed Combat
  3411 | D:4      | Found a glowing drain.
  4044 | D:5      | Entered Level 5 of the Dungeon
  4103 | D:5      | Found Cuboozxi's Antique Weapon Shop.
  4344 | D:5      | Reached skill level 10 in Unarmed Combat
  4708 | D:6      | Reached XP level 8. HP: 40/63 MP: 7/7
  5003 | D:6      | Reached skill level 11 in Unarmed Combat
  5194 | D:7      | Noticed kasmir's ghost (experienced HaAs)
  5636 | D:7      | Found a bloodstained altar of Trog.
  5664 | D:7      | Killed kasmir's ghost
  5664 | D:7      | Reached skill level 12 in Unarmed Combat
  5664 | D:7      | Reached XP level 9. HP: 56/69 MP: 8/8
  6150 | D:7      | Reached skill level 1 in Armour
  6280 | D:7      | Noticed Blork the orc
  6286 | D:7      | Found a deep blue altar of Sif Muna.
  6524 | D:7      | Noticed Duvessa
  6525 | D:7      | Noticed Dowan
  6537 | D:7      | Killed Duvessa
  6541 | D:7      | Killed Dowan
  6541 | D:7      | Reached skill level 13 in Unarmed Combat
  6579 | D:7      | Found a basalt altar of Yredelemnul.
  6579 | D:7      | Found a deep blue altar of Sif Muna.
  7125 | D:8      | Upgraded the game from 0.17-a0-1570-g74b7129 to 0.17-a0-1571-g3ed2ab2
  7969 | D:8      | Reached skill level 5 in Fighting
  8220 | D:8      | Reached XP level 10. HP: 66/76 MP: 9/9
  8665 | D:8      | Reached skill level 14 in Unarmed Combat
  8859 | D:8      | Reached skill level 5 in Dodging
 10471 | D:9      | Found Neol's Assorted Antiques.
 10791 | D:9      | Bought a scroll of identify for 46 gold pieces
 10791 | D:9      | Bought a viscous ruby potion for 20 gold pieces
 10791 | D:9      | Bought a blue potion for 20 gold pieces
 10791 | D:9      | Bought a peridot ring for 115 gold pieces
 10791 | D:9      | Bought a tapered bronze wand for 92 gold pieces
 10909 | D:9      | Noticed Pikel
 10935 | D:9      | Killed Pikel
 10935 | D:9      | Reached XP level 11. HP: 73/91 MP: 10/10
 11056 | D:9      | Found Kaossear's Assorted Antiques.
 11066 | D:9      | Bought a blue potion for 21 gold pieces
 11066 | D:9      | Bought a viscous ruby potion for 21 gold pieces
 11066 | D:9      | Bought a helmet for 108 gold pieces
 11390 | D:9      | Found a staircase to the Lair.
 11696 | D:9      | Reached skill level 15 in Unarmed Combat
 11868 | D:10     | Entered Level 10 of the Dungeon
 11876 | D:10     | Noticed Nergalle
 11934 | D:9      | Noticed a spectral orc warlord
 12464 | D:10     | Reached skill level 5 in Armour
 12808 | D:10     | Noticed a hill giant
 12821 | D:10     | Killed a hill giant
 13116 | D:10     | Noticed a hill giant
 13129 | D:10     | Killed a hill giant
 13313 | D:10     | Found a roughly hewn altar of Beogh.
 13832 | D:10     | Found a staircase to the Orcish Mines.
 14256 | D:11     | Found Neol's Jewellery Emporium.
 14260 | D:11     | Noticed a hill giant
 14261 | D:11     | Found a frozen archway.
 14266 | D:11     | Noticed a hill giant
 14280 | D:11     | HP: 4/94 [hill giant/giant club (31)]
 14294 | D:11     | HP: 4/94 [yak (10)]
 14602 | D:11     | Killed a hill giant
 14826 | D:11     | Killed a hill giant
 14826 | D:11     | Reached XP level 12. HP: 41/102 MP: 11/11
 15453 | D:11     | Reached skill level 16 in Unarmed Combat
 16111 | Lair:1   | Entered Level 1 of the Lair of Beasts
 16114 | Lair:1   | Noticed a seven-headed hydra
 16139 | D:9      | Killed a seven-headed hydra
 16519 | D:12     | Noticed a four-headed hydra
 16536 | D:12     | Killed a four-headed hydra
 16696 | D:12     | Found Doucwa's Gadget Boutique.
 16805 | D:12     | Found a burning altar of Makhleb.
 16961 | D:12     | You fall through a shaft for 3 floors!
 16961 | D:15     | Entered Level 15 of the Dungeon
 17080 | D:13     | Noticed a centaur warrior
 17091 | D:13     | Killed a centaur warrior
 17824 | D:13     | Noticed a centaur warrior
 17846 | D:13     | Killed a centaur warrior
 18117 | D:13     | Reached XP level 13. HP: 101/112 MP: 12/12
 18290 | D:13     | Reached skill level 17 in Unarmed Combat
 18584 | D:13     | Noticed Kirke
 18707 | D:12     | Upgraded the game from 0.17-a0-1571-g3ed2ab2 to 0.17-a0-1637-g5d65775
 19101 | D:12     | Killed Kirke
 19101 | D:12     | Reached skill level 10 in Fighting
 21049 | D:13     | Upgraded the game from 0.17-a0-1637-g5d65775 to 0.17-a0-1646-geb1493d
 21355 | D:14     | Identified a scroll of acquirement
 21826 | D:14     | Noticed a centaur warrior
 21845 | D:14     | Killed a centaur warrior
 22164 | D:14     | Noticed a centaur warrior
 22605 | D:14     | Noticed a vault guard
 22679 | D:14     | Killed a vault guard
 22679 | D:14     | Reached skill level 18 in Unarmed Combat
 22691 | D:14     | Reached XP level 14. HP: 39/122 MP: 13/13
 22984 | D:14     | Found a gate to the Vaults.
 23316 | D:14     | Killed a centaur warrior
 24343 | D:15     | Noticed Azrael
 24371 | D:15     | Killed Azrael
 24731 | D:15     | Found a staircase to the Depths.
 25498 | D:15     | Reached skill level 10 in Armour
 25844 | D:15     | Noticed a tengu warrior
 26058 | D:14     | HP: 6/123 [centaur[a centaur warrior] (7)]
 26586 | D:14     | Killed a tengu warrior
 27210 | D:15     | Noticed a centaur warrior
 27230 | D:15     | Killed a centaur warrior
 28313 | Orc:1    | Entered Level 1 of the Orcish Mines
 28535 | Orc:1    | Noticed Harold
 28551 | Orc:1    | Killed Harold
 29529 | Orc:3    | Found a staircase to the Elven Halls.
 29804 | Orc:3    | Noticed an orc warlord
 29828 | Orc:3    | Reached XP level 15. HP: 81/132 MP: 14/14
 29847 | Orc:3    | Killed an orc warlord
 29847 | Orc:3    | Reached skill level 19 in Unarmed Combat
 30274 | Orc:3    | Paralysed by an orc sorcerer for 7 turns
 30388 | Orc:2    | Reached skill level 10 in Dodging
 30891 | Orc:4    | Entered Level 4 of the Orcish Mines
 33280 | Orc:4    | Found Enwoic's Weapon Emporium.
 33280 | Orc:4    | Found Turghuw's Antique Armour Boutique.
 33282 | Orc:4    | Found Rimaisas's Gadget Emporium.
 33282 | Orc:4    | Found Taethrua's Book Boutique.
 33657 | Orc:4    | HP: 1/132 [stone giant (30)]
 33659 | Orc:4    | Demolished by a stone giant

Vault maps used:
D:1:      evilmike_arrival_fibonacci_small
D:2:      nicolae_overflow_crystal_walls, uniq_iyjb
D:3:      uniq_natasha
D:4:      cheibriados_altar_1, minmay_temple_entry_water_ring, first_bread,
          portal_sewer_entry_f
D:5:      serial_shops, shop
D:6:      nicolae_overflow_hidden_temple, lemuel_doored_altar, okawaru_trees_2
D:7:      gammafunk_temple_overflow_statue, basic_altar, tgw_sif, uniq_duvessa
D:9:      kennysheep_steamy, lair_0_dummy, serial_shops,
          nicolae_shop_behind_doors, nicolae_shop_waterfront, special_room,
          hangedman_fish_farm, uniq_pikel
D:10:     david_orc_5, uniq_nergalle
D:11:     serial_shops, nicolae_shop_stone, portal_ice_cave_entry_imps
D:12:     basic_altar, serial_shops, shop
D:13:     minivault_27, minivault_23, uniq_kirke
D:14:     grunt_vaults_entry_tiered, minmay_misc_feat_tower,
          kennysheep_small_circle
D:15:     gammafunk_depths_entry_grave, minmay_misc_feat_ornament, uniq_azrael
Temple:   zaba_magenta_temple_12
Lair:1:   wad_woods_road_05, grunt_megastairs_4
Orc:1:    nicolae_orc_accident_1, uniq_harold
Orc:3:    enter_volcano_4, nicolae_orc_pool_cavern, statue_in_the_mist_lemuel
Orc:4:    grunt_orc_tribal_feast, nicolae_orc_lava_tube, uniq_maud

Action                   |  1- 3 |  4- 6 |  7- 9 | 10-12 | 13-15 || total
-------------------------+-------+-------+-------+-------+-------++-------
Melee: Unarmed           |    66 |   160 |   379 |  1123 |  1385 ||  3113
Throw: Javelin           |       |       |     6 |       |       ||     6
Evoke: Wand              |       |       |     1 |     2 |     7 ||    10
  Use: Scroll            |     3 |     8 |     7 |    12 |    12 ||    42
       Potion            |       |       |       |     6 |     7 ||    13
 Stab: Distracted        |       |       |       |     1 |       ||     1
  Eat: Chunk             |     1 |     8 |    17 |    47 |    60 ||   133
       Beef jerky        |       |       |       |       |     1 ||     1
